 Dungeon Crawl Stone Soup version 0.20.1-1-g8b1a95d (webtiles) character file.

290 KleinerIrrer the Shield-Bearer (level 6, -5/49 HPs)
             Began as a Formicid Fighter on July 9, 2017.
             Slain by an ogre
             ... wielding a +0 giant club
              (26 damage)
             ... on level 4 of the Dungeon.
             The game lasted 00:04:35 (2178 turns).

KleinerIrrer the Shield-Bearer (Formicid Fighter)   Turns: 2178, Time: 00:04:36

Health: -5/49      AC:  8    Str: 28    XL:     6   Next: 58%
Magic:  6/6        EV:  9    Int:  7    God:
Gold:   116        SH: 10    Dex: 10    Spells: 5/5 levels left

rFire    + . .     SeeInvis +   y - +2 short sword (drain)
rCold    . . .     Gourm    .   c - +0 shield
rNeg     . . .     Faith    .   b - +0 scale mail
rPois    .         Spirit   .   (helmet unavailable)
rElec    .         Reflect  .   (no cloak)
rCorr    .         Harm     .   q - +0 pair of gloves
MR       .....                  (no boots)
Stlth    ..........             (no amulet)
Regen    0.2/turn               g - ring of protection from fire
MPRegen  0.1/turn               (no ring)

@: mighty
A: permanent stasis, dig shafts and tunnels, four strong arms, antennae 3
a: Dig, Shaft Self


You were on level 4 of the Dungeon.
You were not hungry.

You visited 1 branch of the dungeon, and saw 4 of its levels.

You collected 116 gold pieces.

Inventory:

Hand Weapons
 a - a +0 war axe
 v - a +2 mace of crushing
 y - a +2 short sword of draining (weapon)
Armour
 b - a +0 scale mail (worn)
 c - a +0 shield (worn)
 q - a +0 pair of gloves (worn)
Jewellery
 g - a ring of protection from fire (left hand)
Wands
 k - a wand of iceblast (8/15)
 o - a wand of flame (36/48)
Scrolls
 i - a scroll of teleportation {unknown}
 j - a scroll of amnesia {unknown}
 l - a scroll of remove curse
 m - a scroll of identify {unknown}
 s - 2 scrolls of fear {unknown}
Potions
 d - 2 potions of might
 e - a potion of haste {unknown}
 h - a potion of curing {unknown}
 n - 2 potions of lignification {unknown}
 t - a potion of cancellation {unknown}
 w - a potion of heal wounds {unknown}
 x - a potion of brilliance {unknown}
 z - a potion of agility {unknown}
Comestibles
 f - 4 bread rations
 p - 6 fruits
 r - a royal jelly
 u - 11 chunks of flesh


   Skills:
 + Level 4.5 Fighting
 + Level 4.0 Axes
 + Level 3.9 Armour
 + Level 1.3 Dodging
 + Level 5.0 Shields


You had 5 spell levels left.
You didn't know any spells.

Dungeon Overview and Level Annotations

Branches:
Dungeon (4/15)
 Temple: D:4-7

Altars:
Ashenzari
Elyvilon
Kikubaaqudgha


Innate Abilities, Weirdness & Mutations

You cannot be hasted, slowed, berserked, paralysed or teleported.
You can dig through walls and to a lower floor.
Your four strong arms can wield two-handed weapons with a shield.
You have a pair of large antennae on your head. (SInv)


Message History

You butcher the orc corpse.
u - 11 chunks of flesh (gained 4)
Items here: ))) [[[
y - a short sword of draining You sense an unholy aura.
y - a +2 short sword of draining (weapon)
HP restored.
d - 3 potions of might (gained 1)
You sense a monster nearby.
A worker ant and an ogre come into view.
The worker ant twitches its antennae in your direction.
The ogre shouts!
The ogre hits you with a giant club!!
Ouch! That really hurt!
You are too injured to fight recklessly!
You are too injured to fight recklessly!
You feel very mighty all of a sudden. The ogre hits you with a giant club!!
Ouch! That really hurt!
You die...

#........)'.........+...........
####....###.........####...#####
##.#.# ##.......## ##...## ###.#
##.....## ##...# #.# ##...##
#..## #.# ##+#### #.## #.#
#.##.## #.# #.# #.#.#.## #.# #.#
##@.###.### #[# ##.O## ##..# #.#
#.a## ##.# #.# ##..# ##..# #.#
..........###.#.###.#
#.######.#.#........#
.##.###.##### ........#
.########


You could see an ogre and a worker ant.

Vanquished Creatures
  An ice beast (D:2)
  An orc wizard (D:4)
  A bullfrog skeleton (D:3)
  A hound skeleton (D:3)
  3 adders (D:3)
  2 oozes (D:3)
  A worm (D:4)
  5 dart slugs
  A leopard gecko (D:3)
  9 orcs
  2 ball pythons (D:1)
  3 bats
  4 giant cockroaches
  4 goblins
  7 hobgoblins
  13 jackals
  4 frilled lizards
  7 kobolds
  6 rats
75 creatures vanquished.

Notes
Turn   | Place    | Note
-------+----------+-------------------------------------------
     0 | D:1      | KleinerIrrer the Formicid Fighter began the quest for the Orb.
     0 | D:1      | Reached XP level 1. HP: 18/18 MP: 1/1
    66 | D:1      | Reached XP level 2. HP: 20/24 MP: 2/2
   240 | D:1      | Reached skill level 4 in Shields
   340 | D:1      | Reached XP level 3. HP: 28/30 MP: 3/3
   439 | D:2      | Found an ancient bone altar of Kikubaaqudgha.
   439 | D:2      | Found a shattered altar of Ashenzari.
   441 | D:2      | Noticed an ice beast
   513 | D:2      | Found a transporter.
   517 | D:2      | Found a transporter.
   637 | D:2      | Killed an ice beast
   637 | D:2      | Reached XP level 4. HP: 35/37 MP: 4/4
   637 | D:2      | Reached XP level 5. HP: 40/42 MP: 5/5
   692 | D:2      | Found a white marble altar of Elyvilon.
  1490 | D:3      | Reached XP level 6. HP: 44/49 MP: 6/6
  1838 | D:3      | Reached skill level 1 in Dodging
  1974 | D:3      | Reached skill level 5 in Shields
  2173 | D:4      | Noticed an ogre
  2178 | D:4      | Slain by an ogre

Skill      XL: |  1  2  3  4  5  6 |
---------------+-------------------+-----
Shields        | 4 5 |  5.0
Fighting       | 4 |  4.5
Axes           | 3 4 |  4.0
Dodging        | 1 |  1.3
Armour         | |  3.9

Action                   |  1- 3 |  4- 6 || total
-------------------------+-------+-------++-------
Melee: War axe           |    74 |   110 ||   184
       Mace              |       |    17 ||    17
  Use: Potion            |     1 |     1 ||     2
       Scroll            |       |     1 ||     1
  Eat: Chunk             |       |     4 ||     4
Armor: Scale mail        |    26 |    60 ||    86
Dodge: Dodged            |    29 |    48 ||    77
Block: Shield            |    50 |    93 ||   143
